 Dungeon Crawl Stone Soup version 0.28-a0-422-gd71735cc25 (webtiles) character file.

Game seed: 17268334818808083506

153 gruber the Firebug (level 5, 0/38 HPs)
             Began as a Hill Orc Fire Elementalist on Sept 8, 2021.
             Slain by a lemure (7 damage)
             ... led by Pikel
             ... on level 5 of the Dungeon.
             The game lasted 00:06:02 (3660 turns).

gruber the Firebug (Hill Orc Fire Elementalist)     Turns: 3660, Time: 00:06:02

Health: 0/38       AC:  6    Str: 11    XL:     5   Next: 35%
Magic:  9/9        EV: 12    Int: 16    God:
Gold:   160        SH:  0    Dex: 11    Spells: 8/9 levels left

rFire   . . .      SeeInvis .   i - +2 hand axe (vorpal)
rCold   . . .      Faith    .   (no shield)
rNeg    . . .      Spirit   .   a - +0 robe
rPois   .          Reflect  .   (no helmet)
rElec   .          Harm     .   (no cloak)
rCorr   .          Rampage  .   (no gloves)
Will    .....                   (no boots)
Stlth   ++........              (no amulet)
HPRegen 0.12/turn               e - +4 ring of protection
MPRegen 0.11/turn               (no ring)

@: no status effects
A: no striking features
a: no special abilities


You were on level 5 of the Dungeon.
You visited 1 branch of the dungeon, and saw 4 of its levels.

You collected 160 gold pieces.

Inventory:

Hand Weapons
 b - a +0 short sword
 i - a +2 vorpal hand axe (weapon)
Armour
 a - a +0 robe (worn)
Jewellery
 e - a +4 ring of protection (left hand)
Scrolls
 c - a scroll of torment {unknown}
 f - a scroll of identify {unknown}
 g - a scroll of acquirement {unknown}
 j - a scroll of fog {unknown}
 k - a scroll of blinking {unknown}


   Skills:
 - Level 1.5 Dodging
 - Level 1.5 Stealth
 - Level 2.9 Spellcasting
 - Level 2.3 Conjurations
 - Level 4.6 Fire Magic


You had 8 spell levels left.
You knew the following spells:

 Your Spells              Type           Power      Damage    Failure   Level
a - Foxfire               Conj/Fire      52%        2x1d6     4%          1

Your spell library contained the following spells:

 Spells                   Type           Power      Damage    Failure   Level
 Scorch                   Fire           34%        2d6       4%          2
 Conjure Flame            Conj/Fire      13%        6-21      13%         3
 Inner Flame              Hex/Fire       9%         N/A       22%         3
 Flame Wave               Conj/Fire      13%        3d5       41%         4


Dungeon Overview and Level Annotations

Branches:
Dungeon (3/15)

Altars:
Ru
Trog

Annotations:
D:3 1 runed translucent door, DungeonMaster's ghost, amateur DsWn


Message History

You hit the lemure.
The lemure is moderately wounded.
The lemure hits you.
Casting: Foxfire (safe; 4% risk of failure)
Confirm with . or Enter, or press ? or * to list all spells.
Okay, then.
You barely miss the lemure.
The lemure is moderately wounded.
The lemure misses you. The lemure hits you!
* * * LOW HITPOINT WARNING * * *
You hit the lemure.
The lemure is heavily wounded.
The lemure hits you.
* * * LOW HITPOINT WARNING * * *
You closely miss the lemure.
The lemure is heavily wounded.
The lemure hits you but does no damage.
You feel better. The lemure hits you.
You closely miss the lemure.
The lemure is heavily wounded.
The lemure hits you. The lemure closely misses you.
You closely miss the lemure.
The lemure is heavily wounded.
The lemure closely misses you.
You barely miss the lemure.
The lemure is heavily wounded.
The lemure hits you but does no damage.
You closely miss the lemure.
The lemure is heavily wounded.
The lemure hits you.
* * * LOW HITPOINT WARNING * * *
You closely miss the lemure.
The lemure is heavily wounded.
The lemure hits you.
* * * LOW HITPOINT WARNING * * *
The lemure hits you but does no damage.
You hit the lemure.
The lemure is severely wounded.
The lemure hits you!
You die...

#.....Y5....#
#......Z..###
#.........#
#......Z..###
######5##....
######.######
..............
#################.#####
#...Z5@........##5#
#.############.##.# #.#
#)##.# #.# #.##.#
#.############.##.#
#.....5.....5..5.[#
##############.####
...# #####


You could see a lemure and a centaur skeleton.

Vanquished Creatures
  A lemure (D:5)
  A hound (D:5)
  4 adders (D:2)
  An adder skeleton (D:2)
  2 worms (D:2)
  A dart slug (D:3)
  7 endoplasms
  3 giant cockroaches
  4 goblins
  4 hobgoblins
  7 jackals
  6 kobolds
  3 quokkas
  3 ball pythons
  9 bats
  15 frilled lizards
  6 rats
77 creatures vanquished.

Vanquished Creatures (collateral kills)
  A foxfire (D:1)
1 creature vanquished.

Vanquished Creatures (others)
  217 foxfires
  7 plants (D:1)
224 creatures vanquished.

Grand Total: 302 creatures vanquished

Notes
Turn   | Place    | Note
-------+----------+-------------------------------------------
     0 | D:1      | gruber the Hill Orc Fire Elementalist began the quest for
                  | the Orb.
     0 | D:1      | Reached XP level 1. HP: 14/14 MP: 3/3
   209 | D:1      | Reached XP level 2. HP: 10/20 MP: 0/4
   769 | D:1      | Reached XP level 3. HP: 26/26 MP: 3/6
   855 | D:1      | Reached skill level 4 in Fire Magic
  1165 | D:1      | Found a faded altar of an unknown god.
  1733 | D:2      | Found a bloodstained altar of Trog.
  1755 | D:2      | Reached XP level 4. HP: 29/33 MP: 0/7
  2983 | D:3      | Noticed DungeonMaster's ghost (amateur DsWn)
  2983 | D:3      | Found a runed translucent door.
  3223 | D:3      | Reached XP level 5. HP: 38/38 MP: 4/9
  3339 | D:3      | Found a sacrificial altar of Ru.
  3549 | D:3      | You fall into a shaft and drop 2 floors!
  3549 | D:5      | Entered Level 5 of the Dungeon
  3550 | D:5      | Noticed an ice beast
  3579 | D:5      | Noticed a lemure
  3579 | D:5      | Noticed a lemure
  3581 | D:5      | Noticed a sky beast
  3640 | D:5      | Killed a lemure
  3660 | D:5      | Slain by a lemure

Illustrated notes

Levels and vault maps discovered:
D:1:      dpeg_arrival_round_a, layout_rooms,
          dreamdust_ecumenical_altar_hidden_monk_grotto, minmay_lizard_king
D:2:      layout_basic, basic_altar, minmay_heptomino_l4
D:3:      layout_rooms, nicolae_ru_awakened_eye, hellmonk_ghost_happy_afterlife
D:5:      layout_basic, minmay_temple_entry_enclosed_plants,
          ebering_ghost_gozag, minmay_misc_feat_hallway, uniq_pikel

Skill      XL: |  1  2  3  4 |
---------------+-------------+-----
Spellcasting   | 2 |  2.9
Fire Magic     | 4 |  4.6
Conjurations   | 2 |  2.3
Dodging        | |  1.5
Stealth        | |  1.5

Action                   |  1- 3 |  4- 6 || total
-------------------------+-------+-------++-------
Melee: Short sword       |    53 |    16 ||    69
       Unarmed           |     1 |       ||     1
       Hand axe          |       |    66 ||    66
 Cast: Foxfire           |    61 |    68 ||   129
  Use: Potion            |       |     3 ||     3
 Stab: Sleeping          |       |     2 ||     2
Armor: Robe              |    18 |    36 ||    54
Dodge: Dodged            |    42 |    62 ||   104

Table legend: (Time is in decaauts)
 A = Elapsed time spent in this place.
 B = Non-inter-level travel time spent in this place.
 C = Inter-level travel time spent in this place.
 D = Time resting spent in this place.
 E = Time spent auto-exploring this place.
 F = Levels seen in this place.
 G = Mean time per level.
                   A        B        C        D        E       F      G
               +--------+--------+--------+--------+--------+-----+--------+
         Total |   3684 |   3577 |    107 |      0 |   2950 |   4 |  921.0 |
       Dungeon |   3684 |   3577 |    107 |      0 |   2950 |   4 |  921.0 |
               +--------+--------+--------+--------+--------+-----+--------+

Top non-repeatable levels by time:
     D:2: 1590 daAuts
     D:1: 1397 daAuts
     D:3: 575 daAuts
     D:5: 120 daAuts
